[Event "Titled Tuesday Blitz November 9 2021"]
[White "Petrovskyi, Vadym"]
[Black "Xiong, Jeffery"]
[WhiteFideId "14165210"]
[BlackFideId "2047640"]
[WhiteElo "2377"]
[BlackElo "2699"]
[Result "1/2-1/2"]
[Round "02"]
[TimeControl "180+1"]
[Date "2021.11.09"]
[WhiteClock "0:00:07"]
[BlackClock "0:00:16"]

1. e4 e6 2. d4 d5 3. Nc3 Bb4 4. exd5 exd5 5. Qf3 Nc6 6. Bb5 Ne7 7. Ne2 a6 8. Bd3 Be6 9. Be3 Qd7 10. h3 Bd6 11. g4 h5 12. O-O-O O-O-O 13. gxh5 Nb4 14. Nf4 Nxd3+ 15. Rxd3 Bxf4 16. Bxf4 Nf5 17. Ne2 Nh4 18. Qg3 Nf5 19. Qf3 Qe7 20. Ng3 Rd7 21. Re1 Qf6 22. Be5 Qg5+ 23. Kb1 Nxg3 24. Qxg3 Rxh5 25. h4 Qxg3 26. fxg3 Bf5 27. Rf3 f6 28. Bf4 Be4 29. Rff1 Re7 30. Kc1 Kd7 31. c3 b6 32. Kd2 c5 33. b4 Kc6 34. a4 Re8 35. Be3 c4 36. Bf4 a5 37. b5+ Kd7 38. Re2 Reh8 39. Ref2 R5h7 40. Re1 Re8 41. Rfe2 Rhh8 42. Rf2 Bd3 43. Rxe8 Rxe8 44. Be3 Re6 45. Rg2 Bc2 46. Kxc2 Rxe3 47. g4 Rh3 48. h5 Ke6 49. Kd2 Kf7 50. Kc2 Rd3 51. Rg1 Rh3 52. Rg2 Kg8 53. Re2 Kf8 54. Re6 Rh2+ 55. Kc1 Rh1+ 56. Kb2 Rh2+ 57. Kb1 Rh1+ 58. Kb2 Rh2+ 59. Kb1 Rh1+ 60. Kb2 1/2-1/2


[Site "https://www.chess.com"]

[Event "Titled Tuesday Blitz November 9 2021"]
[White "Pranav, V"]
[Black "Goryachkina, Aleksandra"]
[WhiteFideId "25060783"]
[BlackFideId "4147103"]
[WhiteElo "2351"]
[BlackElo "2441"]
[Result "1-0"]
[Round "02"]
[TimeControl "180+1"]
[Date "2021.11.09"]
[WhiteClock "0:00:07"]
[BlackClock "0:00:02"]

1. e4 c5 2. Nf3 e6 3. d4 cxd4 4. Nxd4 a6 5. Nc3 Qc7 6. Bd3 Nc6 7. Nxc6 dxc6 8. O-O e5 9. a4 Bc5 10. a5 Ne7 11. Na4 Ba7 12. Bd2 O-O 13. Qf3 Ng6 14. Qg3 Be6 15. b3 Nf4 16. Rfd1 Rad8 17. Bf1 Rd7 18. Be3 Bxe3 19. fxe3 Nh5 20. Rxd7 Bxd7 21. Qe1 Nf6 22. Nc5 Rd8 23. Rd1 Bc8 24. Rd3 Qe7 25. Qc3 Rxd3 26. Bxd3 h6 27. Be2 Nd7 28. Na4 Nf6 29. Bf3 Bg4 30. Bxg4 Nxg4 31. h3 Nf6 32. Nc5 Ne8 33. Qb4 Qd6 34. Qb6 Qd1+ 35. Kh2 Qxc2 36. Nxb7 Nf6 37. Nd6 Nxe4 38. Qd8+ Kh7 39. Nxf7 Qc5 40. Qd7 Nf6 41. Qf5+ Kg8 42. Nxe5 Qd5 43. b4 Ne4 44. Qf4 Nd6 45. Ng6 Qe6 46. Ne5 Ne8 47. Nd3 Nf6 48. Nc5 Qd5 49. e4 Qd4 50. Qf5 Kh8 51. e5 Nd5 52. Ne6 1-0


[Site "https://www.chess.com"]

[Event "Titled Tuesday Blitz November 9 2021"]
[White "Provotorov, Ivan"]
[Black "Khusnutdinov, Rustam"]
[WhiteFideId "4154657"]
[BlackFideId "13701703"]
[WhiteElo "2291"]
[BlackElo "2571"]
[Result "0-1"]
[Round "02"]
[TimeControl "180+1"]
[Date "2021.11.09"]
[WhiteClock "0:00:05"]
[BlackClock "0:00:46"]

1. c4 e5 2. Nc3 Bb4 3. Qc2 Nf6 4. Nf3 d6 5. e3 O-O 6. d4 Nc6 7. Be2 Bg4 8. dxe5 dxe5 9. O-O Bxc3 10. Qxc3 e4 11. Nd4 Bxe2 12. Nxe2 Qd3 13. Qxd3 exd3 14. Nf4 Rad8 15. Bd2 Rfe8 16. Rad1 Ne4 17. Nd5 Ne5 18. Nxc7 Nxd2 19. Rxd2 Nxc4 20. Rxd3 Rxd3 21. Nxe8 Nxb2 22. Rb1 b6 23. Kf1 Na4 24. Nc7 Nc3 25. Rc1 Nxa2 26. Rc4 Nc3 27. Ne8 Rd1# 0-1


[Site "https://www.chess.com"]

[Event "Titled Tuesday Blitz November 9 2021"]
[White "Przybylski, Wojciech"]
[Black "Andreikin, Dmitry"]
[WhiteFideId "1117599"]
[BlackFideId "4158814"]
[WhiteElo "2247"]
[BlackElo "2736"]
[Result "0-1"]
[Round "02"]
[TimeControl "180+1"]
[Date "2021.11.09"]
[WhiteClock "0:00:01"]
[BlackClock "0:00:04"]

1. e4 c5 2. Nf3 e6 3. b3 b6 4. Bb2 Bb7 5. Qe2 d6 6. d4 Nd7 7. Nbd2 Qc7 8. dxc5 Nxc5 9. O-O-O Rc8 10. Nd4 a6 11. Kb1 Nf6 12. f3 b5 13. g4 e5 14. Nf5 g6 15. Ne3 Bh6 16. Rc1 O-O 17. h4 Bf4 18. Ng2 Bxd2 19. Qxd2 Ncxe4 20. fxe4 Nxe4 21. Qe3 Qa5 22. Rg1 Nd2+ 23. Ka1 Nxf1 24. Rgxf1 Bxg2 25. Rf6 Qd8 26. g5 h5 27. Qd2 Be4 28. Rxd6 Qe7 29. Rd7 Qe6 30. Rd6 Qe7 31. Rd7 Rfd8 32. Rxe7 Rxd2 33. Rxe5 Bf5 34. c4 bxc4 35. bxc4 Be6 36. c5 Rc6 37. Re4 Kf8 38. Rb4 Ke8 39. a4 Kd7 40. Be5 Bd5 41. Bf4 Rd3 42. Bd6 Rc8 43. Kb2 Re8 44. Rc2 Ree3 45. Rb6 Rb3+ 46. Rxb3 Bxb3 47. Rd2 Kc6 48. Bf8 Bxa4 49. Rd6+ Kc7 50. Rf6 Bb3 51. Bd6+ Kd7 52. Bf4 Rf3 53. Bd2 Rh3 54. Bc3 Be6 55. Rf4 Kc6 56. Bb4 Rb3+ 57. Kc2 Kb5 58. Bc3 Kxc5 59. Ra4 Kb5 60. Ra5+ Kb6 61. Re5 Ra3 62. Bd4+ Kc6 63. Rc5+ Kd7 64. Rc3 Ra4 65. Kd3 Bf5+ 66. Ke3 a5 67. Rb3 Rc4 68. Rb6 a4 69. Ra6 Be6 70. Kd3 Rb4 71. Ra7+ Kc6 72. Ra6+ Kb7 73. Ra7+ Kb8 74. Ra5 Rb3+ 75. Ke4 a3 76. Bc5 Rh3 77. Rxa3 Rxh4+ 78. Ke5 Rg4 79. Be7 Kb7 80. Rc3 Kb6 81. Kf6 Kb5 82. Bc5 h4 83. Bf2 Rf4+ 0-1


[Site "https://www.chess.com"]

[Event "Titled Tuesday Blitz November 9 2021"]
[White "Sellitti, Federico"]
[Black "Kovalenko, Igor"]
[WhiteFideId "821829"]
[BlackFideId "14117908"]
[WhiteElo "2587"]
[BlackElo "2629"]
[Result "0-1"]
[Round "02"]
[TimeControl "180+1"]
[Date "2021.11.09"]
[WhiteClock "0:00:01"]
[BlackClock "0:01:53"]

1. e4 e6 2. b3 b6 3. Bb2 Bb7 4. Nc3 Nf6 5. Qe2 Bb4 6. O-O-O a5 7. e5 Nd5 8. Nxd5 Bxd5 9. Qg4 O-O 10. Nf3 Qe7 11. Bd3 h6 12. h4 a4 13. Rh3 Ba3 14. Rg3 Bxb2+ 15. Kxb2 f5 16. exf6 Rxf6 17. c4 axb3 18. axb3 Qa3+ 19. Kc2 Qa2+ 20. Kc3 Qa5+ 21. Kc2 Rf7 22. cxd5 Na6 23. Qe4 Nb4+ 24. Kb2 Qa2+ 25. Kc3 Nxd5+ 26. Kd4 Qb2+ 27. Kc4 Ra4+ 28. Kb5 c6+ 29. Kxa4 Qa2# 0-1


[Site "https://www.chess.com"]

[Event "Titled Tuesday Blitz November 9 2021"]
[White "Sjugirov, Sanan"]
[Black "Ghazarian, Kirk"]
[WhiteFideId "4189302"]
[BlackFideId "30908604"]
[WhiteElo "2653"]
[BlackElo "2003"]
[Result "1-0"]
[Round "02"]
[TimeControl "180+1"]
[Date "2021.11.09"]
[WhiteClock "0:02:46"]
[BlackClock "0:01:41"]

1. e4 c5 2. Nf3 e6 3. d3 Nc6 4. g3 g6 5. Bg2 Bg7 6. h4 h6 7. O-O Nge7 8. c3 d5 9. Qe2 O-O 10. e5 b6 11. Bf4 Ba6 12. a4 d4 13. c4 Bb7 14. Nbd2 Qc7 15. Ne4 Nxe5 16. Nxe5 Bxe5 17. Nf6+ 1-0


[Site "https://www.chess.com"]

[Event "Titled Tuesday Blitz November 9 2021"]
[White "Solovchuk, Oleksiy"]
[Black "Hakobyan, Aram"]
[WhiteFideId "14115220"]
[BlackFideId "13306677"]
[WhiteElo "2295"]
[BlackElo "2557"]
[Result "0-1"]
[Round "02"]
[TimeControl "180+1"]
[Date "2021.11.09"]
[WhiteClock "0:00:21"]
[BlackClock "0:01:14"]

1. d4 e6 2. Nf3 f5 3. e3 Nf6 4. Be2 d5 5. O-O Bd6 6. c4 c6 7. Ne5 O-O 8. Nd2 Bd7 9. f4 Be8 10. b3 Nbd7 11. a4 Qe7 12. c5 Bc7 13. b4 Nxe5 14. dxe5 Ne4 15. Nxe4 fxe4 16. Qd4 g5 17. Bb2 Bg6 18. g4 h5 19. f5 exf5 20. gxf5 Bxf5 21. e6 Kh7 22. Rxf5 Rxf5 23. Bxh5 Be5 24. Bg4 Raf8 25. Bxf5+ Rxf5 26. Qd2 Bxb2 27. Qxb2 Qxe6 28. Rf1 Rxf1+ 29. Kxf1 Qh3+ 0-1


[Site "https://www.chess.com"]

[Event "Titled Tuesday Blitz November 9 2021"]
[White "Sydoryka, Vladyslav"]
[Black "Terry, Renato"]
[WhiteFideId "14145928"]
[BlackFideId "3803457"]
[WhiteElo "2264"]
[BlackElo "2577"]
[Result "0-1"]
[Round "02"]
[TimeControl "180+1"]
[Date "2021.11.09"]
[WhiteClock "0:00:02"]
[BlackClock "0:00:41"]

1. c4 e5 2. g3 Nf6 3. Bg2 c6 4. Nf3 e4 5. Nd4 d5 6. d3 Qb6 7. Nb3 Bb4+ 8. Bd2 dxc4 9. dxc4 e3 10. fxe3 O-O 11. c5 Bxc5 12. Nxc5 Qxc5 13. O-O Be6 14. Nc3 Ng4 15. Ne4 Qb6 16. Qc1 Nd7 17. h3 Nge5 18. Bc3 Nc4 19. Bd4 c5 20. Bc3 h6 21. b3 Nd6 22. Nxd6 Qxd6 23. Kh2 Qc7 24. Qb2 f6 25. Rad1 Rae8 26. b4 b6 27. b5 h5 28. h4 Bg4 29. Bd5+ Kh8 30. e4 Ne5 31. Rf4 Ng6 32. Rdf1 Nxf4 33. gxf4 Be6 34. Rf3 Bxd5 35. exd5 Re4 36. e3 Rfe8 37. Qe2 Qf7 38. Rg3 Qxd5 39. Qg2 Qf7 40. Bd2 Kh7 41. Qf3 f5 42. Rg2 g6 43. Bc3 Rxe3 44. Qd1 Rxc3 0-1


[Site "https://www.chess.com"]

[Event "Titled Tuesday Blitz November 9 2021"]
[White "Taboas Rodriguez, Daniel"]
[Black "Sorokin, Aleksey"]
[WhiteFideId "2208466"]
[BlackFideId "24176460"]
[WhiteElo "2429"]
[BlackElo "2476"]
[Result "1/2-1/2"]
[Round "02"]
[TimeControl "180+1"]
[Date "2021.11.09"]
[WhiteClock "0:01:51"]
[BlackClock "0:02:08"]

1. d4 Nf6 2. Nf3 g6 3. c4 Bg7 4. Nc3 d5 5. cxd5 Nxd5 6. e4 Nxc3 7. bxc3 c5 8. Be3 Qa5 9. Qd2 Nc6 10. Rc1 cxd4 11. cxd4 Qxd2+ 12. Kxd2 O-O 13. d5 Rd8 14. Ke1 Na5 15. Bg5 Bd7 16. Bd3 Rdc8 17. Ke2 e6 18. Rxc8+ Rxc8 19. Rc1 Rxc1 20. Bxc1 exd5 21. exd5 b6 22. Bf4 b5 23. Ne5 Bxe5 24. Bxe5 Kf8 25. Ke3 Nc4+ 26. Kd4 Ke7 27. Bxc4 bxc4 28. Kxc4 a6 29. Kc5 Bb5 30. g3 Kd7 31. Bf6 h5 32. a3 Bf1 33. Kd4 Bg2 34. Ke5 Bf1 35. Bg5 Bc4 36. Bd2 Bb3 37. Bb4 Ba2 38. d6 Bb3 39. Kf6 Ke8 40. f4 Be6 41. a4 Bd7 42. a5 Be6 43. Bc5 Bd7 44. Kg5 Be6 45. Kh4 Kd7 46. h3 Ke8 47. g4 hxg4 48. hxg4 Kd7 49. Kg5 Ke8 50. f5 gxf5 51. gxf5 Bb3 52. Kf6 Kd7 53. Bb4 Ba2 54. Ba3 Bb3 55. Ke5 Ba2 56. Kd4 Bb1 57. Ke5 Ba2 58. Bb4 Bb3 59. Ba3 Ba2 1/2-1/2


[Site "https://www.chess.com"]

[Event "Titled Tuesday Blitz November 9 2021"]
[White "Talcrifice"]
[Black "Nakamura, Hikaru"]
[BlackFideId "2016192"]
[WhiteElo "2641"]
[BlackElo "2884"]
[Result "0-1"]
[Round "02"]
[TimeControl "180+1"]
[Date "2021.11.09"]
[WhiteClock "0:00:51"]
[BlackClock "0:00:56"]

1. d4 g6 2. c4 Bg7 3. Nf3 d6 4. e4 Bg4 5. Be2 Nc6 6. Be3 e5 7. d5 Nce7 8. Nfd2 Bd7 9. Nc3 f5 10. f3 Nf6 11. c5 fxe4 12. fxe4 O-O 13. O-O Ne8 14. Nc4 Rxf1+ 15. Qxf1 b5 16. cxb6 axb6 17. Qf2 Kh8 18. Rf1 Ng8 19. Nd2 Nef6 20. h3 Qe7 21. Qg3 Rf8 22. Bg5 Qe8 23. Qe3 h5 24. b3 Nh7 25. Bh4 Bh6 26. Qd3 Ngf6 27. Bf2 Qe7 28. Be3 Bxe3+ 29. Qxe3 g5 30. Nf3 Rg8 31. Bb5 g4 32. hxg4 Nxg4 33. Qd2 Bc8 34. Rc1 h4 35. Kh1 Ngf6 36. Rf1 Nh5 37. Ne2 Qg7 38. Rf2 N7f6 39. Bd3 Ng4 40. Rf1 Ng3+ 41. Nxg3 hxg3 42. Kg1 Qh7 43. Rc1 Rf8 44. Kf1 Qh1+ 0-1


[Site "https://www.chess.com"]

[Event "Titled Tuesday Blitz November 9 2021"]
[White "Yi, Richard"]
[Black "Bortnyk, Olexandr"]
[WhiteFideId "2079518"]
[BlackFideId "14120828"]
[WhiteElo "2604"]
[BlackElo "2723"]
[Result "0-1"]
[Round "02"]
[TimeControl "180+1"]
[Date "2021.11.09"]
[WhiteClock "0:00:03"]
[BlackClock "0:00:53"]

1. d4 Nf6 2. c4 d6 3. Nc3 g6 4. e4 Bg7 5. f3 O-O 6. Bg5 c6 7. Qd2 Re8 8. Bd3 Na6 9. Nge2 e5 10. d5 Nc5 11. Bc2 a5 12. g4 Qb6 13. O-O-O Qa6 14. dxc6 bxc6 15. Qxd6 Ne6 16. Be3 Qxc4 17. Bd3 Qb4 18. Qxc6 Bd7 19. Qb6 Reb8 20. Qxb4 axb4 21. Nd5 Rxa2 22. Bc4 b3 23. Kb1 Nxd5 24. exd5 Nf4 25. Bxb3 Rxb3 26. Kxa2 Rxe3 27. Nxf4 exf4 28. Rhe1 Rxf3 29. Re7 Ba4 30. Rd2 Bb3+ 31. Ka3 Bxd5+ 32. Ka4 Bb3+ 33. Ka5 Bf6 34. Rb7 Be6 35. b4 Ra3+ 36. Kb5 f3 37. Rf2 Bxg4 38. Kc6 Bh4 39. Rf1 Bh3 40. Rc1 f2 41. b5 f1=Q 42. Rxf1 Bxf1 43. b6 Bg2+ 44. Kc7 Bxb7 45. Kxb7 0-1


[Site "https://www.chess.com"]

[Event "Titled Tuesday Blitz November 9 2021"]
[White "Zubov, Alexander"]
[Black "Yashmetov, Mikhail"]
[WhiteFideId "14109409"]
[BlackFideId "24198900"]
[WhiteElo "2685"]
[BlackElo "2305"]
[Result "1-0"]
[Round "02"]
[TimeControl "180+1"]
[Date "2021.11.09"]
[WhiteClock "0:00:43"]
[BlackClock "0:00:12"]

1. d4 Nf6 2. c4 g6 3. Nc3 d5 4. e3 Bg7 5. Qb3 dxc4 6. Bxc4 O-O 7. Nf3 c5 8. d5 Nbd7 9. e4 Ng4 10. O-O Nde5 11. Nxe5 Nxe5 12. Be2 a6 13. a4 Qc7 14. Be3 Ng4 15. Bxg4 Bxg4 16. a5 Rac8 17. h3 Bd7 18. Rfd1 Kh8 19. f4 f5 20. e5 g5 21. Re1 gxf4 22. Bxf4 e6 23. dxe6 Bc6 24. Nd5 Bxd5 25. Qxd5 Rfd8 26. Qf3 Re8 27. Qd3 Rxe6 28. Qxf5 Qe7 29. Rad1 Rf8 30. Qe4 Qh4 31. Bh2 Qf2+ 32. Kh1 Rg6 33. Re2 Qf7 34. e6 Qe7 35. Bd6 Qd8 36. e7 Rxd6 37. exd8=Q 1-0


[Site "https://www.chess.com"]

[Event "Titled Tuesday Blitz November 9 2021"]
[White "Alavi, Sayed Javad"]
[Black "Durarbayli, Vasif"]
[WhiteFideId "12500607"]
[BlackFideId "13402935"]
[WhiteElo "2495"]
[BlackElo "2522"]
[Result "1-0"]
[Round "03"]
[TimeControl "180+1"]
[Date "2021.11.09"]
[WhiteClock "0:00:02"]
[BlackClock "0:00:48"]

1. d4 Nf6 2. c4 e6 3. Nc3 Bb4 4. Qc2 d6 5. a3 Bxc3+ 6. Qxc3 Nbd7 7. Nf3 b6 8. e3 Bb7 9. Be2 Qe7 10. b4 a5 11. Bb2 g5 12. Nd2 Bxg2 13. Rg1 Ne4 14. Qc2 Nxd2 15. Rxg2 Nxc4 16. Qxc4 Ra7 17. Qc6 O-O 18. h4 h6 19. hxg5 hxg5 20. Kd2 axb4 21. axb4 Rxa1 22. Bxa1 f5 23. Qxc7 Ra8 24. Bb2 d5 25. Kc3 Ra4 26. Qc6 Ra7 27. Kb3 g4 28. Bb5 Nf6 29. Qc8+ Kg7 30. Rh2 Nh7 31. Qb8 Rc7 32. Qe8 Qd6 33. Qh5 Kg8 34. Qg6+ Rg7 35. Qe8+ Nf8 36. Qh5 Rh7 37. Qg5+ Rg7 38. Qf4 Qd8 39. Bc6 Qc8 40. b5 Qd8 41. Ba3 Ng6 42. Qd6 Qxd6 43. Bxd6 Ra7 44. Ba3 Kg7 45. Rh5 Kf6 46. Kb2 f4 47. Bd6 f3 48. Bg3 Ra4 49. Rh6 Kg5 50. Rh7 Rb4+ 51. Kc3 Rc4+ 52. Kd3 Rc1 53. Rb7 Rd1+ 54. Kc2 Rg1 55. Rc7 Rxg3 56. fxg3 f2 57. Rf7 Ne5 58. dxe5 1-0


[Site "https://www.chess.com"]

[Event "Titled Tuesday Blitz November 9 2021"]
[White "Andreikin, Dmitry"]
[Black "Lorparizangeneh, Shahin"]
[WhiteFideId "4158814"]
[BlackFideId "12521604"]
[WhiteElo "2736"]
[BlackElo "2525"]
[Result "1-0"]
[Round "03"]
[TimeControl "180+1"]
[Date "2021.11.09"]
[WhiteClock "0:00:20"]
[BlackClock "0:00:03"]

1. d4 Nf6 2. c4 g6 3. Nc3 d5 4. Bg5 Bg7 5. Nf3 Ne4 6. Bf4 c5 7. cxd5 Nxc3 8. bxc3 Qxd5 9. e3 cxd4 10. cxd4 Nc6 11. Be2 Qa5+ 12. Qd2 O-O 13. Qxa5 Nxa5 14. h4 Be6 15. h5 Rfc8 16. Ng5 Bd5 17. Bf3 Bxf3 18. Nxf3 Rc2 19. O-O Rac8 20. Rfb1 b6 21. h6 Bf6 22. g4 e6 23. a4 R8c3 24. Rd1 Nc4 25. g5 Be7 26. Ne5 Kf8 27. Nxc4 Rxc4 28. Rdb1 Rb4 29. Rc1 Rbb2 30. a5 b5 31. a6 Ke8 32. Rxc2 Rxc2 33. Bb8 b4 34. Bxa7 b3 35. Rb1 Ra2 36. Rxb3 Rxa6 37. Rb8+ Kd7 38. Rb7+ Ke8 39. f4 Ra2 40. Kf1 Bd6 41. Bb8 Be7 42. Be5 Ra8 43. Ke2 Rc8 44. Kd3 Bd8 45. Bd6 Ra8 46. Ke4 Ra6 47. Bc5 Ra8 48. Ke5 Ra5 49. Rb8 Kd7 50. Rxd8+ Kxd8 51. Kf6 Ke8 52. Kg7 Ra2 53. Kxh7 Re2 54. Kg7 Rxe3 55. h7 Rh3 56. h8=Q+ 1-0


[Site "https://www.chess.com"]

[Event "Titled Tuesday Blitz November 9 2021"]
[White "Atakishiyev, Elmar"]
[Black "Martinez Alcantara, Jose Eduardo"]
[WhiteFideId "13410547"]
[BlackFideId "3805662"]
[WhiteElo "2088"]
[BlackElo "2690"]
[Result "1-0"]
[Round "03"]
[TimeControl "180+1"]
[Date "2021.11.09"]
[WhiteClock "0:00:10"]
[BlackClock "0:00:08"]

1. e4 c5 2. Nf3 d6 3. d4 cxd4 4. Nxd4 Nf6 5. Nc3 a6 6. Bg5 e6 7. f4 Be7 8. Qf3 Qc7 9. O-O-O Nbd7 10. g4 h6 11. Bxf6 Bxf6 12. h4 Qb6 13. Nb3 Be7 14. g5 Nc5 15. Kb1 Bd7 16. Bh3 O-O-O 17. Rhg1 hxg5 18. hxg5 Kb8 19. g6 fxg6 20. Rxg6 Bf6 21. Bg2 Bc6 22. Qe3 Na4 23. Qxb6 Nxb6 24. Nd4 Bd7 25. f5 exf5 26. Nxf5 Nc4 27. Nd5 Be5 28. b3 Na3+ 29. Kc1 Be8 30. Re6 g6 31. Nfe3 Rh2 32. Rd2 g5 33. Ng4 Bd7 34. Rxe5 Bxg4 35. Rxg5 Be6 36. c4 b5 37. Kb2 Bxd5 38. Rgxd5 b4 39. e5 Rh5 40. exd6 Rxd5 41. Rxd5 Rf8 42. Rd2 Kc8 43. Bc6 Rf5 44. Re2 Rf8 45. c5 Kd8 46. Rh2 Nb5 47. Bxb5 axb5 48. c6 Kc8 49. Rh7 Rd8 50. Rc7+ Kb8 51. Rb7+ Ka8 52. d7 Rf8 53. Rc7 Rf2+ 54. Kc1 Rf1+ 55. Kd2 Rf2+ 56. Ke3 Rf8 57. Rc8+ Ka7 58. Rxf8 Kb6 59. Rb8+ Ka6 60. Ra8+ Kb6 61. d8=Q+ Kc5 62. Qd4+ Kxc6 63. Rc8+ Kb7 64. Qd7+ Kb6 65. Rc6+ Ka5 66. Qa7# 1-0


[Site "https://www.chess.com"]

[Event "Titled Tuesday Blitz November 9 2021"]
[White "Babazada, Khazar"]
[Black "Kadam, Om Manish"]
[WhiteFideId "13413554"]
[BlackFideId "45076294"]
[WhiteElo "2302"]
[BlackElo "1729"]
[Result "1-0"]
[Round "03"]
[TimeControl "180+1"]
[Date "2021.11.09"]
[WhiteClock "0:00:16"]
[BlackClock "0:00:21"]

1. e4 c6 2. d4 d5 3. Nc3 dxe4 4. Nxe4 Bf5 5. Ng3 Bg6 6. Nf3 e6 7. h4 h6 8. h5 Bh7 9. Bd3 Bxd3 10. Qxd3 Nf6 11. Bd2 Nbd7 12. O-O-O Be7 13. Ne4 Nxe4 14. Qxe4 Nf6 15. Qe2 Qd5 16. c4 Qe4 17. Qxe4 Nxe4 18. Be1 f5 19. Ne5 O-O-O 20. Nf7 Nd6 21. Nxd8 Rxd8 22. b3 b5 23. cxb5 Nxb5 24. f3 Nxd4 25. Bc3 Bf6 26. Kb2 c5 27. Rhe1 Rd6 28. Bxd4 Bxd4+ 29. Kc2 e5 30. g3 Kd7 31. g4 Ke6 32. gxf5+ Kxf5 33. Re4 Ra6 34. a4 c4 35. bxc4 Rxa4 36. Kb3 Ra6 37. Rg4 Rb6+ 38. Ka4 Ra6+ 39. Kb5 Rb6+ 40. Ka5 Rb3 41. Rxg7 Rxf3 42. Rf7+ Kg4 43. Rg7+ Kf4 44. Kb5 Rb3+ 45. Kc6 Rh3 46. Kd5 Rxh5 47. c5 Rh2 48. c6 Rc2 49. Rf1+ Ke3 50. Rg3+ Ke2 51. Rg2+ Kxf1 52. Rxc2 Bb6 53. c7 Bxc7 54. Rxc7 h5 55. Rh7 a5 56. Rxh5 a4 57. Rh4 a3 58. Ra4 1-0


[Site "https://www.chess.com"]

[Event "Titled Tuesday Blitz November 9 2021"]
[White "Bakalchuk, Johnatan"]
[Black "Pranav, V"]
[WhiteFideId "2810301"]
[BlackFideId "25060783"]
[WhiteElo "2486"]
[BlackElo "2351"]
[Result "1-0"]
[Round "03"]
[TimeControl "180+1"]
[Date "2021.11.09"]
[WhiteClock "0:00:07"]
[BlackClock "0:00:06"]

1. e4 e5 2. Nf3 Nc6 3. d4 exd4 4. Nxd4 Bc5 5. Nb3 Bb6 6. Nc3 Nf6 7. Qe2 d6 8. Bg5 h6 9. Bh4 g5 10. Bg3 Be6 11. h4 Rg8 12. hxg5 hxg5 13. O-O-O Qe7 14. Nd5 Bxd5 15. exd5 Qxe2 16. Bxe2 Ne7 17. a4 Ne4 18. Nd4 Kf8 19. Rh7 Nxd5 20. Bh5 Rg7 21. Rh8+ Rg8 22. Rh7 Rg7 23. Rxg7 Kxg7 24. Nf5+ Kf6 25. Rxd5 c6 26. Rxd6+ Kxf5 27. Rd7 f6 28. Bf3 Nxf2 29. Rxb7 Ne4 30. Bc7 Be3+ 31. Kd1 Rh8 32. g4+ Ke6 33. Bxe4 Bf4 34. Bxf4 gxf4 35. Rxa7 Ke5 36. Bxc6 Rc8 37. Bf3 Kd4 38. Rd7+ Ke3 39. Rd3+ Kf2 40. a5 Rc4 41. a6 Ra4 42. Ra3 Rd4+ 43. Kc1 f5 44. gxf5 1-0


[Site "https://www.chess.com"]

[Event "Titled Tuesday Blitz November 9 2021"]
[White "Barbosa, Evandro Amorim"]
[Black "Ostrovskiy, Aleksandr"]
[WhiteFideId "2115824"]
[BlackFideId "2034239"]
[WhiteElo "2454"]
[BlackElo "2340"]
[Result "0-1"]
[Round "03"]
[TimeControl "180+1"]
[Date "2021.11.09"]
[WhiteClock "0:00:01"]
[BlackClock "0:00:03"]

1. e4 d5 2. exd5 Nf6 3. Nf3 Bg4 4. Be2 Qxd5 5. h3 Bh5 6. O-O Nc6 7. c4 Qd7 8. d4 Bxf3 9. Bxf3 Nxd4 10. Bxb7 Rd8 11. Be3 e5 12. Bxd4 exd4 13. Qf3 Qe6 14. Nd2 Be7 15. Rfe1 Qd6 16. c5 Qxc5 17. Rac1 Qb4 18. Bc6+ Kf8 19. Ne4 h5 20. Ng5 d3 21. Red1 d2 22. Rc2 Qh4 23. Ne4 Nxe4 24. Bxe4 Qg5 25. Rxc7 Rh6 26. Bc2 Rf6 27. Qe2 Bc5 28. Rf1 Bd6 29. Rb7 Qf4 30. g3 Qg5 31. h4 Qg4 32. Qxg4 hxg4 33. Bb3 Bc5 34. Kg2 Bb6 0-1


[Site "https://www.chess.com"]

[Event "Titled Tuesday Blitz November 9 2021"]
[White "Bellahcene, Bilel"]
[Black "Obregon, Andres Carlos"]
[WhiteFideId "696358"]
[BlackFideId "111724"]
[WhiteElo "2493"]
[BlackElo "2572"]
[Result "0-1"]
[Round "03"]
[TimeControl "180+1"]
[Date "2021.11.09"]
[WhiteClock "0:00:51"]
[BlackClock "0:01:08"]

1. e4 c5 2. Nf3 e6 3. d4 cxd4 4. Nxd4 Nc6 5. Nc3 Nf6 6. Ndb5 d6 7. Bf4 e5 8. Bg5 a6 9. Na3 b5 10. Nd5 Be7 11. Bxf6 Bxf6 12. c3 O-O 13. Nc2 Bg5 14. Be2 Rb8 15. O-O a5 16. a3 Ne7 17. Nce3 Be6 18. Nxe7+ Qxe7 19. Nd5 Qb7 20. g3 f5 21. Bf3 Bxd5 22. Qxd5+ Qxd5 23. exd5 Rfc8 24. h4 Bh6 25. Be2 Rc5 26. Rfd1 Kf7 27. Kg2 g6 28. h5 Kf6 29. hxg6 hxg6 30. Rh1 Kg7 31. Rad1 b4 32. axb4 axb4 33. c4 Ra8 34. Ra1 Rca5 35. Rxa5 Rxa5 36. g4 Bf4 37. gxf5 gxf5 38. Rh3 e4 39. Rb3 Bd2 40. Rh3 Ra2 41. b3 Rb2 42. Bh5 Bf4 43. Kf1 Be5 44. Be8 Bd4 45. Rh2 f4 0-1


[Site "https://www.chess.com"]

[Event "Titled Tuesday Blitz November 9 2021"]
[White "Bologan, Victor"]
[Black "Ahmadzada, Ahmad"]
[WhiteFideId "13900048"]
[BlackFideId "13413007"]
[WhiteElo "2472"]
[BlackElo "2226"]
[Result "0-1"]
[Round "03"]
[TimeControl "180+1"]
[Date "2021.11.09"]
[WhiteClock "0:00:20"]
[BlackClock "0:00:09"]

1. e4 e5 2. Nf3 Nc6 3. Bc4 Bc5 4. c3 Nf6 5. d3 d6 6. Nbd2 O-O 7. h3 a6 8. Bb3 Ba7 9. Nf1 h6 10. g4 d5 11. Qe2 dxe4 12. dxe4 Na5 13. Ng3 Nxb3 14. axb3 Nd7 15. b4 Nb6 16. Be3 Be6 17. Rd1 Qe8 18. Bc5 Bc4 19. Qe3 Bb3 20. Bxf8 Nc4 21. Qe2 Bxd1 22. Qxd1 Kxf8 23. Qe2 Qe6 24. O-O Rd8 25. Kg2 Nb6 26. Rd1 Rd6 27. Nf5 Rd7 28. Rxd7 Nxd7 29. b5 g6 30. Nxh6 Kg7 31. Ng5 Qf6 32. Nhxf7 Nc5 33. bxa6 Nd3 34. Qf3 Ne1+ 35. Kf1 Nxf3 36. Nxf3 Qxf3 0-1


[Site "https://www.chess.com"]

[Event "Titled Tuesday Blitz November 9 2021"]
[White "Bortnyk, Olexandr"]
[Black "Rostovtsev, Dmitry"]
[WhiteFideId "14120828"]
[BlackFideId "34278320"]
[WhiteElo "2723"]
[BlackElo "2253"]
[Result "1-0"]
[Round "03"]
[TimeControl "180+1"]
[Date "2021.11.09"]
[WhiteClock "0:01:19"]
[BlackClock "0:00:15"]

1. e4 e5 2. Nf3 Nc6 3. Bb5 a6 4. Ba4 Nf6 5. Nc3 b5 6. Bb3 d6 7. a4 b4 8. Nd5 Be7 9. d4 Bg4 10. dxe5 Nxe5 11. Nxe5 Bxd1 12. Nc6 Qd7 13. Ncxe7 Nxd5 14. Nxd5 Bg4 15. a5 O-O 16. O-O Be6 17. Ba4 Qd8 18. Nxb4 Qh4 19. Bc6 Rab8 20. Nxa6 Bc4 21. Nxb8 Bxf1 22. Kxf1 Qh5 23. Be3 Qxh2 24. Ke2 Qh5+ 25. Kd2 Rxb8 26. a6 h6 27. a7 Rd8 28. b4 Qg6 29. Ra5 Qxg2 30. Rb5 d5 31. Rb8 1-0


[Site "https://www.chess.com"]

[Event "Titled Tuesday Blitz November 9 2021"]
[White "Costachi, Mihnea"]
[Black "Jobava, Baadur"]
[WhiteFideId "1217518"]
[BlackFideId "13601520"]
[WhiteElo "2482"]
[BlackElo "2731"]
[Result "0-1"]
[Round "03"]
[TimeControl "180+1"]
[Date "2021.11.09"]
[WhiteClock "0:00:31"]
[BlackClock "0:01:23"]

1. d4 Nf6 2. c4 c5 3. d5 e6 4. Nc3 exd5 5. cxd5 d6 6. Nf3 g6 7. Nd2 Nbd7 8. e4 Bg7 9. Be2 O-O 10. O-O Re8 11. h3 Rb8 12. a4 a6 13. Re1 h5 14. Bf1 h4 15. Nf3 Nh5 16. Bg5 Bf6 17. Qd2 Ne5 18. Bh6 Nxf3+ 19. gxf3 Bd7 20. Bg2 b5 21. axb5 axb5 22. f4 b4 23. Nd1 Kh7 24. Bg5 Bxg5 25. fxg5 f6 26. gxf6 Qxf6 27. Ra7 Re7 28. e5 dxe5 29. d6 Rg7 30. Ne3 Rf8 31. Nc4 Nf4 32. Nxe5 Qg5 33. Nf3 Qxg2# 0-1


[Site "https://www.chess.com"]